AoeStats
← Milo Thatch

Golden Pit

509793733Analyzed
1v1 RM · 4d ago on Sep 28, 2026· 56m 34s· 2 players
Game mode
Random Map
Map size
Tiny (2 player)
Population
200
Speed
Normal
Resources
Standard
Victory
Conquest
Starting age
Dark Age
Ending age
Imperial Age
RankedLock teamsTeams togetherTeam positionsShared explorationLock speedFull tech treeHidden civsTurbo modeCheats
Victory
Defeat
🇺🇸 Saxons · United States
874
+17
🇺🇸 Mongols · United States
900
-44
GladiusDecimus
11:18 Feudal Age
9:34 Loom
12:17 Horse Collar
12:24 Double-Bit Axe
13:17 Town Watch
19:33 Castle Age
18:27 Stone Mining
19:18 Gold Mining
20:23 Heavy Plow
23:31 Scale Mail Armor
23:42 Forging
25:05 Bow Saw
26:53 Town Patrol
28:06 Wheelbarrow
30:58 Elite Skirmisher
31:46 Padded Archer Armor
31:36 Fletching
36:22 Imperial Age
35:07 Light Cavalry
35:58 Bloodlines
36:05 Bloodlines
36:13 Thumb Ring
37:40 Conscription
38:32 Chemistry
37:43 Masonry
37:35 Murder Holes
37:45 Bodkin Arrow
39:37 Bracer
39:52 Leather Archer Armor
41:31 Ballistics
42:49 Ring Archer Armor
41:43 Pikeman
42:43 Halberdier
45:27 Squires
45:14 Arson
46:44 Gambesons
49:00 Chain Mail Armor
49:20 Iron Casting
51:04 Shield Wall
55:39 Elite Varangian Guard
56:55 Plate Mail Armor
Milo Thatch
5:49 Loom
10:32 Feudal Age
14:19 Horse Collar
17:15 Scale Mail Armor
17:25 Forging
18:08 Padded Archer Armor
18:18 Forging
21:19 Gold Mining
22:36 Fletching
23:47 Scale Barding Armor
26:14 Castle Age
24:47 Double-Bit Axe
24:39 Man-at-Arms
27:43 Iron Casting
27:23 Chain Mail Armor
27:34 Bodkin Arrow
27:54 Leather Archer Armor
28:10 Heavy Plow
30:07 Thumb Ring
32:10 Stone Mining
36:29 Imperial Age
35:20 Bow Saw
37:34 Bracer
38:34 Blast Furnace
38:07 Plate Mail Armor
38:37 Ballistics
39:51 Bloodlines
39:44 Husbandry
39:25 Elite Mangudai
41:00 Long Swordsman
41:54 Cavalier
46:07 Chain Barding Armor
47:52 Capped Ram
51:07 Siege Ram
Connection lost

Rejoining the realm…

Still unreachable

The connection could not be restored.

Session expired

The server has moved on; the page needs a fresh start.